 Dungeon Crawl Stone Soup version 0.32-a0-768-g0f6f1dd4b9 (webtiles) character file.

Game seed: 1590697132259479161

3754 Lhurgoyf the Epochal (level 10, -6/79 (80) HPs)
             Began as a Formicid Warper on Mar 18, 2024.
             Was an Elder of Cheibriados.
             Mangled by a sun demon (9 damage)
             ... summoned by a kobold demonologist
             ... on level 8 of the Dungeon.
             The game lasted 00:11:37 (8977 turns).

Lhurgoyf the Epochal (Formicid Warper)              Turns: 8977, Time: 00:11:38

HP:   -6/79 (80)    AC: 12    Str: 33    XL:     10   Next: 37%
MP:   17/17         EV:  9    Int: 22    God:    Cheibriados [****..]
Gold: 504           SH: 12    Dex: 25    Spells: 13/13 levels left

rFire   + . .        m - +8 quarterstaff of Pride {holy, rElec rN+ Str+4}
rCold   . . .        o - +0 buckler
rNeg    + . .        A - +0 chain mail
rPois   +            (helmet unavailable)
rElec   +            p - +2 cloak
rCorr   .            (no gloves)
SInv    +            r - +0 pair of boots
Will    +....        i - amulet of reflection
Stlth   ++           l - ring of poison resistance
HPRegen 0.33/turn    j - ring of protection from fire
MPRegen 0.15/turn

%: reflection
@: lightly drained, very slow
A: permanent stasis, dig shafts and tunnels, antennae 3, four strong arms,
talons 1, MP-powered wands
a: Dig, Shaft Self, Renounce Religion, Bend Time, Temporal Distortion, Slouch


You were on level 8 of the Dungeon.
You worshipped Cheibriados.
Cheibriados was greatly pleased with you.
You visited 2 branches of the dungeon, and saw 10 of its levels.

You collected 504 gold pieces.

Inventory:

Hand Weapons
 a - a +0 spear
 f - a +0 halberd
 g - a +3 heavy spear
 m - the +8 quarterstaff of Pride (weapon) {holy, rElec rN+ Str+4}
   (You took it off an orc on level 8 of the Dungeon)

   Str+4:     It affects your strength (+4).
   rElec:     It insulates you from electricity.
   rN+:       It protects you from negative energy.
 q - a +1 dagger of venom
 B - a +5 halberd
 C - a +3 trident
Missiles
 c - 7 darts of dispersal (quivered)
 u - 6 poisoned darts
 E - 4 curare-tipped darts
Armour
 o - a +0 buckler (worn)
 p - a +2 cloak (worn)
 r - a +0 pair of boots (worn)
 A - a +0 chain mail (worn)
Jewellery
 i - an amulet of reflection (around neck)
 j - a ring of protection from fire (right hand)
 l - a ring of poison resistance (left hand)
 D - the amulet of the Air {Inacc Air Fly rElec RMsl}
   (You found it on level 6 of the Dungeon)

   [amulet of nothing]

   Inacc:     It reduces the accuracy of your attacks and spells.
   Air:       It enhances your air magic.
   rElec:     It insulates you from electricity.
   Fly:       It grants you flight.
   RMsl:      It protects you from missiles.
Wands
 v - a wand of digging (7)
Scrolls
 d - 4 scrolls of enchant armour
 h - 2 scrolls of revelation {@r5}
 k - 7 scrolls of amnesia
 n - a scroll of noise
 w - a scroll of blinking {@r4}
 y - 2 scrolls of teleportation {@r3}
 z - 2 scrolls of vulnerability {!r}
 H - a scroll of torment
 I - a scroll of fear
 K - a scroll of immolation
Potions
 b - 2 potions of enlightenment
 e - a potion of magic
 s - a potion of lignification
 t - 2 potions of mutation
 x - 2 potions of degeneration
 F - a potion of brilliance {unknown}
 G - 2 potions of curing {unknown}


   Skills:
 + Level 7.9 Fighting
 - Level 2.0 Polearms
 - Level 1.0 Throwing
 - Level 1.1 Armour
 - Level 1.7 Dodging
 - Level 8.0 Stealth
 + Level 8.3 Shields
 - Level 2.1 Spellcasting
 - Level 2.6 Translocations
 + Level 10.3 Invocations


You had 13 spell levels left.
You didn't know any spells.
Your spell library contained the following spells:

 Spells                   Type           Power      Damage    Failure   Level
 Lesser Beckoning         Tloc           28%        N/A       30%         2
 Summon Small Mammal      Summ           8%         N/A       52%         1
 Teleport Other           Tloc           14%        N/A       52%         3
 Jinxbite                 Hex            4%         N/A       65%         2
 Call Canine Familiar     Summ           2%         N/A       87%         3
 Manifold Assault         Tloc           14%        N/A       89%         4
 Summon Blazeheart Golem  Fire/Summ      2%         N/A       99%         4
 Arcjolt                  Conj/Air       1%         1d11      100%        5
 Yara's Violent Unravell  Hex/Alch       1%         3d3       100%        5
 Plasma Beam              Fire/Air       1%         2x1d11    100%        6
 Enfeeble                 Hex            1%         N/A       100%        7
 Maxwell's Capacitive Co  Air            1%         ∞         100%        8
 Blink                    Tloc           Unusable   N/A       N/A         2
 Vhi's Electric Charge    Tloc/Air       Unusable   N/A       N/A         4

Dungeon Overview and Level Annotations

Branches:
Dungeon (9/15)             Temple (1/1) D:4
   Lair: D:8-11         Orc: D:9-12

Altars:
Ashenzari
Cheibriados
Dithmenos
Elyvilon
Fedhas
Gozag
Hepliaklqana
Kikubaaqudgha
Makhleb
Nemelex Xobeh
Okawaru
Qazlal
Ru
Sif Muna
Trog
Uskayaw
Vehumet
Xom
Yredelemnul
Zin

Annotations:
D:3 1 runed translucent door


Innate Abilities, Weirdness & Mutations

You cannot be hasted, slowed, berserked, paralysed or teleported.
You can dig through walls and to a lower floor.
You have a pair of large antennae on your head. (SInv)
Your four strong arms can wield two-handed weapons with a shield.
You have sharp toenails.
You expend magic power (3 MP) to strengthen your wands.


Message History

You block the kobold demonologist's attack.
You block the kobold's attack.
You barely miss the kobold demonologist.
The kobold demonologist is heavily wounded.
You block the sun demon's attack. You block the kobold's attack.
The kobold demonologist misses you.
You sock the kobold demonologist!
The kobold demonologist is severely wounded.
You block the sun demon's attack. The kobold closely misses you.
The kobold demonologist gestures wildly while chanting.
The sun demon barely misses you.
You hit the kobold demonologist.
The kobold demonologist is severely wounded.
The sun demon hits you!
You are engulfed in flames!
You resist.
You block the kobold demonologist's attack.
You block the kobold's attack. The soul eater closely misses you.
You hit the kobold demonologist.
The kobold demonologist is almost dead.
You block the sun demon's attack.
You block the kobold demonologist's attack.
The kobold hits you with a +0 club. The soul eater hits you.
The sun demon barely misses you. The kobold hits you but does no damage.
The kobold demonologist gestures wildly while chanting.
Unknown command.
You closely miss the kobold demonologist.
The kobold demonologist is almost dead.
The sun demon hits you!!
* * * LOW HITPOINT WARNING * * *
You are engulfed in flames.
You resist.
* * * LOW HITPOINT WARNING * * *
You block the soul eater's attack.
The kobold demonologist looks encouraged for a moment.
You block the kobold's attack.
Unknown command.
You hit the kobold demonologist but do no damage.
The kobold demonologist is almost dead.
The ufetubus slips past you! The ufetubus barely misses you. x2
The sun demon hits you!
You die...
Cheibriados appreciates the motionlessness of death.

### # #.#
## #.#####
#.
##....####
##.
#...33..#
#..
#...(@5.#
##.#
#...K.K##
#..#
#...5..#
##.##
#..)..##
#..#
####(##
##.## #.##
#..# ##.#
##..# #.##
#..##
##.###
##..####


You could see a soul eater (summoned), a sun demon (summoned), a kobold
demonologist, a crimson imp (summoned), an ufetubus (summoned) and a kobold.

Vanquished Creatures
  A water moccasin (D:7)
  2 ice beasts
  3 black bears
  2 sky beasts (D:7)
  An orc warrior (D:8)
  3 ogres
  3 centaurs
  A kobold brigand (D:8)
  2 bullfrogs (D:7)
  2 gnoll sergeants
  10 wights
  14 killer bees
  6 howler monkeys
  2 bombardier beetles
  A hound (D:5)
  2 orc priests
  2 sleepcaps (D:6)
  3 iguanas (D:5)
  3 orc wizards (D:8)
  Robin (D:4)
  13 gnolls
  10 adders
  A shadow imp (D:7)
  3 ribbon worms
  A dart slug (D:4)
  23 orcs
  5 ball pythons
  3 bats
  7 endoplasms
  7 giant cockroaches
  22 goblins
  6 hobgoblins
  3 jackals (D:1)
  A quokka (D:5)
  3 frilled lizards
  4 kobolds
  A kobold skeleton (D:3)
  7 rats
184 creatures vanquished.

Notes
Turn   | Place    | Note
-------+----------+-------------------------------------------
     0 | D:1      | Lhurgoyf the Formicid Warper began the quest for the Orb.
     0 | D:1      | Reached XP level 1. HP: 16/16 MP: 3/3
    44 | D:1      | Reached skill level 1 in Stealth
    76 | D:1      | Reached XP level 2. HP: 21/23 MP: 5/5
   445 | D:1      | Reached XP level 3. HP: 16/29 MP: 6/6
  1264 | D:2      | Reached XP level 4. HP: 17/35 MP: 7/7
  1932 | D:3      | Found a runed translucent door.
  1932 | D:3      | Noticed a human
  1939 | D:3      | Found a basalt altar of Yredelemnul.
  1966 | D:3      | Reached XP level 5. HP: 42/42 MP: 8/8
  2164 | D:4      | Identified the +3 helmet of the Saviour {rElec Int+3 Dex+2}
  2164 | D:4      | Noticed Robin
  2176 | D:5      | Entered Level 5 of the Dungeon
  2324 | D:4      | Found a staircase to the Ecumenical Temple.
  2385 | Temple   | Entered the Ecumenical Temple
  2460 | Temple   | Became a worshipper of Cheibriados the Contemplative
  2581 | D:4      | Killed Robin
  2585 | D:4      | Reached XP level 6. HP: 38/49 MP: 9/9
  2672 | D:4      | Found a bloodstained altar of Trog.
  2780 | D:4      | Found an opulent altar of Gozag.
  2867 | D:4      | Found a shimmering altar of Xom.
  2919 | D:4      | Reached skill level 5 in Stealth
  2976 | D:4      | Reached * piety under Cheibriados
  3494 | D:5      | Reached skill level 5 in Fighting
  3885 | D:5      | Noticed an ice beast
  3900 | D:5      | Killed an ice beast
  3901 | D:5      | Reached XP level 7. HP: 31/56 MP: 10/10
  4043 | D:5      | Gained mutation: You are frail. (-10% HP) [potion of
                  | mutation]
  4043 | D:5      | Lost mutation: You are frail. (-10% HP) [potion of
                  | mutation]
  4043 | D:5      | Gained mutation: You have sharp toenails. [potion of
                  | mutation]
  4043 | D:5      | Gained mutation: You expend magic power (3 MP) to
                  | strengthen your wands. [potion of mutation]
  4053 | D:5      | Reached skill level 1 in Shields
  4053 | D:5      | Reached skill level 1 in Invocations
  4058 | D:5      | Reached skill level 2 in Invocations
  4256 | D:5      | Reached ** piety under Cheibriados
  4257 | D:5      | Reached XP level 8. HP: 38/62 MP: 11/11
  4365 | D:5      | Reached skill level 3 in Invocations
  4461 | D:5      | Found a shadowy altar of Dithmenos.
  4813 | D:6      | Found an ancient bone altar of Kikubaaqudgha.
  4836 | D:6      | Reached skill level 4 in Invocations
  4886 | D:6      | Found a sacrificial altar of Ru.
  4912 | D:6      | Reached skill level 5 in Invocations
  5136 | D:6      | Reached skill level 6 in Invocations
  5145 | D:6      | Reached skill level 7 in Invocations
  5367 | D:6      | Found the amulet of the Air {Inacc Air Fly rElec RMsl}
  5595 | D:6      | Reached XP level 9. HP: 62/68 MP: 14/14
  5701 | D:6      | Reached skill level 8 in Invocations
  6092 | D:7      | Identified the +0 rapier "Qexuhal" {heavy, Dex+2}
  6099 | D:7      | Reached skill level 5 in Shields
  6147 | D:7      | Reached *** piety under Cheibriados
  6274 | D:7      | Reached skill level 9 in Invocations
  6902 | D:7      | Reached XP level 10. HP: 77/77 MP: 17/17
  7624 | D:8      | Reached **** piety under Cheibriados
  7852 | D:8      | Reached skill level 10 in Invocations
  7852 | D:8      | HP: 5/114 [killer bee (1)]
  8533 | D:8      | Identified the +8 quarterstaff of Pride {holy, rElec rN+
                  | Str+4}
  8926 | D:9      | Noticed a kobold demonologist
  8926 | D:9      | Noticed a kobold demonologist
  8928 | D:9      | Noticed a sixfirhy
  8971 | D:8      | Noticed a sun demon
  8974 | D:8      | Noticed a soul eater
  8976 | D:8      | HP: 2/79 [sun demon[a kobold demonologist] (6)]
  8977 | D:8      | Mangled by a sun demon

Illustrated notes

Levels and vault maps discovered:
D:1:      wander_arrival_chamber, layout_basic, minmay_worlds_worst_comb
D:2:      layout_basic
D:3:      layout_rooms, dk_yredelemnul_ordeal, grunt_decor_arrowhead
D:4:      layout_basic, kennysheep_mini_moat, xom_teletrap_fun,
          nicolae_gozag_cash_rules_everything_around_me,
          minmay_temple_entry_glass, serial_bayou, serial_bayou_pond_d,
          serial_bayou_pond_e, serial_bayou_pond_a, serial_bayou_pond_c,
          kennysheep_dice, uniq_robin
D:5:      minmay_recursive_quarters, layout_loops_ring,
          mainiacjoe_overflow_alcove_4
D:6:      layout_loops_ring, mainiacjoe_overflow_catch_the_wave
D:7:      layout_loops_ring, enter_bailey_5, kennysheep_generic_room_3
D:8:      layout_cave_pods
D:9:      minmay_chopped_fan, layout_basic, mainiacjoe_overflow_catwalk,
          david_lair_shrubbed, kennysheep_orc_monster_closet_entryway
Temple:   oiseaux_autumnal_temple

Skill      XL: |  1  2  3  4  5  6  7  8  9 10 |
---------------+-------------------------------+-----
Stealth        | 1 2 3 4 7 8 |  8.0
Fighting       | 3 4 5 6 7 |  7.9
Shields        | 2 4 6 8 |  8.3
Invocations    | 2 7 9 10 | 10.3
Polearms       | |  2.0
Throwing       | |  1.0
Armour         | |  1.1
Dodging        | |  1.7
Spellcasting   | |  2.1
Translocations | |  2.6

Action                     |  1- 3 |  4- 6 |  7- 9 | 10-12 || total
---------------------------+-------+-------+-------+-------++-------
  Melee: Spear             |   134 |    41 |    86 |       ||   261
         Dagger            |       |   166 |       |       ||   166
         Halberd           |       |    32 |       |    82 ||   114
         Trident           |       |       |   157 |    20 ||   177
         Quarterstaff      |       |       |       |    17 ||    17
  Evoke: Wand              |       |       |     3 |       ||     3
    Use: Scroll            |       |     8 |     4 |       ||    12
         Potion            |       |       |     3 |     6 ||     9
   Stab: Sleeping          |     8 |     1 |     1 |       ||    10
         Invisible         |       |       |       |     3 ||     3
         Distracted        |       |       |       |     1 ||     1
 Armour: Leather armour    |    13 |       |       |       ||    13
         Ring mail         |    45 |    86 |       |       ||   131
         Chain mail        |       |    48 |   223 |   138 ||   409
         Skin              |       |       |       |    20 ||    20
  Dodge: Dodged            |    47 |   113 |   131 |    73 ||   364
  Block: Buckler           |       |    34 |    97 |   140 ||   271
         Reflection        |       |       |       |     6 ||     6

Table legend: (Time is in decaauts)
 A = Elapsed time spent in this place.
 B = Non-inter-level travel time spent in this place.
 C = Inter-level travel time spent in this place.
 D = Time resting spent in this place.
 E = Time spent auto-exploring this place.
 F = Levels seen in this place.
 G = Mean time per level.
                   A        B        C        D        E       F      G
               +--------+--------+--------+--------+--------+-----+--------+
         Total |  10883 |  10482 |    401 |   1818 |   6926 |  10 | 1088.3 |
       Dungeon |  10771 |  10480 |    291 |   1818 |   6926 |   9 | 1196.8 |
        Temple |    112 |      2 |    110 |      0 |      0 |   1 |  112.0 |
               +--------+--------+--------+--------+--------+-----+--------+

Top non-repeatable levels by time:
     D:8: 2309 daAuts
     D:7: 1679 daAuts
     D:5: 1644 daAuts
     D:6: 1598 daAuts
     D:4: 1399 daAuts
     D:1: 801 daAuts
     D:2: 768 daAuts
     D:3: 556 daAuts
  Temple: 112 daAuts
     D:9: 14 daAuts
